 Dungeon Crawl Stone Soup version 0.29-a0-234-g0dae59b3db (webtiles) character file.

Game seed: 3457815174679907647

11780 Anathary the Carver (level 11, -7/101 HPs)
             Began as a Minotaur Fighter on Mar 3, 2022.
             Was the Champion of Okawaru.
             Mangled by a salamander
             ... wielding a +0 glaive
              (14 damage)
             ... in a volcano.
             The game lasted 00:37:31 (12095 turns).

Anathary the Carver (Minotaur Fighter)             Turns: 12095, Time: 00:37:32

Health: -7/101     AC: 10    Str: 38    XL:     11   Next: 53%
Magic:  0/10       EV:  7    Int: 11    God:    Okawaru [******]
Gold:   753        SH: 25    Dex: 10    Spells: 10/10 levels left

rFire   . . .      SeeInvis .   x - +8 long sword of the Smoking Oracle {vorpal, Str+7 Int+6}
rCold   + . .      Faith    .   S - +3 tower shield of Oremuy {Rampage rPois rC+ Slay+3}
rNeg    . . .      Spirit   +   b - +0 scale mail
rPois   +          Reflect  .   (helmet restricted)
rElec   +          Harm     .   G - scarf {shadows}
rCorr   .          Rampage  +   t - +0 pair of gloves
Will    .....                   (no boots)
Stlth   ..........              c - brooch of Shielding {Spirit SH+8}
HPRegen 0.26/turn               w - ring "Tizibeog" {rElec rPois Slay+4}
MPRegen 0.12/turn               a - +6 ring of strength

@: no status effects
A: horns 2, retaliatory headbutt
a: Renounce Religion, Heroism, Finesse, Duel


You were in a volcano.
You worshipped Okawaru.
Okawaru was exalted by your worship.
You visited 3 branches of the dungeon, and saw 11 of its levels.
You also visited: Ossuary and Volcano.

You collected 753 gold pieces.

Inventory:

Hand Weapons
 x - the +8 long sword of the Smoking Oracle (weapon) {vorpal, Str+7 Int+6}
   (You found it on level 4 of the Dungeon)

   It inflicts extra damage upon your enemies.
   Str:       It affects your strength (+7).
   Int:       It affects your intelligence (+6).
Missiles
 D - 2 throwing nets (quivered)
Armour
 b - a +0 scale mail (worn)
 t - a +0 pair of gloves (worn)
 G - a scarf of shadows (worn)
 S - the +3 tower shield of Oremuy (worn) {Rampage rPois rC+ Slay+3}
   (Okawaru gifted it to you on level 9 of the Dungeon)

   Slay:      It affects your accuracy & damage with ranged weapons and melee
   (+3).
   rC:        It protects you from cold.
   rPois:     It protects you from poison.
   Rampage:   It bestows one free step when moving towards enemies.
Jewellery
 a - a +6 ring of strength (right hand)
 c - the brooch of Shielding (around neck) {Spirit SH+8}
   (You found it on level 9 of the Dungeon)

   [amulet of guardian spirit]

   It causes incoming damage to be divided between your reserves of health and
   magic.
   SH:        It affects your SH (+8).
 n - a ring of protection from cold
 w - the ring "Tizibeog" (left hand) {rElec rPois Slay+4}
   (You found it on level 4 of the Dungeon)

   [ring of slaying]

   Slay:      It affects your accuracy & damage with ranged weapons and melee
   (+4).
   rElec:     It insulates you from electricity.
   rPois:     It protects you from poison.
 z - a ring of see invisible
 A - a ring of ice
Scrolls
 e - 5 scrolls of identify
 f - 4 scrolls of magic mapping
 h - 5 scrolls of fog {unknown}
 i - 2 scrolls of blinking {unknown}
 l - 4 scrolls of vulnerability {unknown}
 m - a scroll of acquirement {unknown}
 q - a scroll of summoning
 r - 2 scrolls of silence {unknown}
 y - a scroll of enchant armour {unknown}
 H - 2 scrolls of immolation {unknown}
 I - 5 scrolls of noise {unknown}
 K - 2 scrolls of amnesia {unknown}
 L - 3 scrolls of teleportation {unknown}
 N - a scroll of enchant weapon {unknown}
 P - a scroll of fear {unknown}
Potions
 d - 3 potions of might
 g - a potion of experience
 j - a potion of flight
 k - 2 potions of heal wounds
 o - 4 potions of curing {unknown}
 p - 2 potions of brilliance {unknown}
 s - 4 potions of lignification {unknown}
 u - a potion of berserk rage {unknown}
 v - 3 potions of haste
 B - a potion of degeneration {unknown}
 C - 2 potions of attraction {unknown}
 J - a potion of cancellation {unknown}
 O - a potion of resistance {unknown}


   Skills:
 + Level 10.5 Fighting
 + Level 13.3 Long Blades
 - Level 6.5 Axes
 + Level 11.8 Armour
 + Level 7.9 Shields


You had 10 spell levels left.
You didn't know any spells.
Your spell library contained the following spells:

 Spells                   Type           Power      Damage    Failure   Level
 Apportation              Tloc           0%         N/A       99%         1
 Sublimation of Blood     Necr           0%         N/A       100%        2
 Portal Projectile        Hex/Tloc       0%         N/A       100%        3
 Leda's Liquefaction      Hex/Erth       0%         N/A       100%        4
 Petrify                  Tmut/Erth      0%         N/A       100%        4
 Irradiate                Conj/Tmut      0%         3d14      100%        5
 Animate Skeleton         Necr           Unusable   N/A       N/A         1
 Summon Small Mammal      Summ           Unusable   N/A       N/A         1
 Call Canine Familiar     Summ           Unusable   N/A       N/A         3

Dungeon Overview and Level Annotations

Branches:
Dungeon (9/15)             Temple (1/1) D:5            Lair (1/6) D:8
Ossuary (visited)         Volcano (1/1)
    Orc: D:9-12

Altars:
Ashenzari
Cheibriados
Dithmenos
Elyvilon
Fedhas
Gozag
Hepliaklqana
Kikubaaqudgha
Makhleb
Nemelex Xobeh
Okawaru
Qazlal
Ru
Sif Muna
Trog
Uskayaw
Vehumet
Wu Jian
Xom
Yredelemnul
Zin
The Shining One
Beogh

Shops:
D:7 !

Annotations:
D:4 2 runed translucent doors


Innate Abilities, Weirdness & Mutations

You have a pair of horns on your head.
You reflexively headbutt those who attack you in melee.


Message History

You block the hell hound's attack.
The salamander hits you from afar with a +0 trident.
You are engulfed in flames!
You block the fire bat's attack.
You barely miss the hell hound. You headbutt the hell hound.
You kill the hell hound!
Okawaru accepts your kill.
The air gets thick with the scent of sulphur.
You block the fire bat's attack. You block the salamander's attack.
You block the fire bat's attack.
You hit the fire bat. You headbutt the fire bat.
The fire bat is heavily wounded.
In the distance, the volcano erupts with a roar.
You block the fire bat's attack. You block the salamander's attack.
You slash the fire bat! You headbutt the fire bat.
You kill the fire bat!
Okawaru accepts your kill. You block the salamander's attack.
You block the salamander's attack.
You hit the salamander.
The salamander is lightly wounded.
You block the salamander's attack.
A salamander comes into view. It is wielding a +0 glaive.
You slice the salamander!!
The salamander is heavily wounded.
You block the salamander's attack. x2
You slash the salamander! Your headbutt misses the salamander.
The salamander is severely wounded.
You block the salamander's attack.
The salamander drinks a potion.
The salamander seems to speed up.
You barely miss the salamander.
The salamander is severely wounded.
The salamander hits you from afar with a +0 glaive!
You are engulfed in flames!
* * * LOW HITPOINT WARNING * * *
You block the salamander's attack.
The salamander hits you from afar with a +0 glaive!
* * * LOW HITPOINT WARNING * * *
You are engulfed in flames!
You die...

≈≈≈≈...≈≈≈.≈≈≈≈≈≈≈
##..............^..
##....##)##...#####.
###'#..##.).##.## ..##
#∩#.#..#.....#.# .).#
#∩#.#..#..[..#.# ...#
##.##..##...##.## ..#
####...#####...##N##...
#...§.......@Nc.....
≈≈≈≈≈.≈§.≈.§≈§≈≈.≈.§.≈
§§§≈≈≈§§≈≈≈≈≈≈≈≈≈≈.≈≈≈
§§≈≈≈§§≈≈≈≈≈≈≈≈≈≈§≈≈≈≈
§≈≈≈≈≈§§§§§≈≈≈≈≈§§§≈≈≈
≈≈≈≈≈§≈≈≈≈≈≈§≈≈≈§§§≈≈≈
§≈≈#≈≈≈§§≈≈#≈§≈§§≈≈#§


You could see 2 salamanders and a centaur.

Vanquished Creatures
  A boulder beetle (D:9)
  A dancing weapon (D:9)
  The ghost of Gargoyl the Cleaver, a journeyman GrAK of Lugonu (D:9)
  3 two-headed ogres
  A deep elf pyromancer (D:9)
  A kobold demonologist (D:9)
  A komodo dragon (D:8)
  A hornet (D:7)
  Sigmund (D:6)
  A wraith (D:9)
  5 yaks (D:9)
  2 fire bats (Volcano)
  3 vampire mosquitoes (D:9)
  4 water moccasins
  3 hell hounds (Volcano)
  2 hornet zombies (Ossuary)
  2 orc warriors (D:5)
  3 black bears
  An ice beast (D:7)
  A sky beast (D:6)
  2 ogres
  5 centaurs
  A phantom (D:6)
  A kobold brigand (D:4)
  10 bullfrogs
  2 gnoll sergeants
  2 scorpions
  2 necrophages
  8 wights
  3 water moccasin zombies (Ossuary)
  3 howler monkeys
  An electric eel (D:9)
  8 bullfrog zombies (Ossuary)
  3 centaur zombies (Ossuary)
  2 orc priests
  3 hounds
  Crazy Yiuf (D:4)
  3 jellies
  3 iguanas
  Natasha (thrice) (D:3)
  A gnoll shaman (D:7)
  3 orc wizards (D:5)
  3 killer bee zombies (Ossuary)
  13 mummies (Ossuary)
  2 howler monkey zombies (Ossuary)
  15 gnolls
  9 adders
  A shadow imp (D:5)
  A white imp (D:5)
  4 ufetubi
  2 dart slugs
  33 orcs
  8 ball pythons
  12 bats
  12 endoplasms
  6 giant cockroaches
  6 goblins
  8 hobgoblins
  10 jackals
  3 quokkas
  2 frilled lizards (D:3)
  11 kobolds
  A rat (D:1)
270 creatures vanquished.

Vanquished Creatures (others)
  29 fungi (D:8)
  22 plants (D:8)
  5 withered plants (Ossuary)
56 creatures vanquished.

Grand Total: 326 creatures vanquished

Notes
Turn   | Place    | Note
-------+----------+-------------------------------------------
     0 | D:1      | Anathary the Minotaur Fighter began the quest for the Orb.
     0 | D:1      | Reached XP level 1. HP: 19/19 MP: 0/0
   199 | D:1      | Reached XP level 2. HP: 25/27 MP: 1/1
   265 | D:1      | Found a faded altar of an unknown god.
   623 | D:1      | Reached XP level 3. HP: 33/33 MP: 2/2
  1703 | D:2      | Reached XP level 4. HP: 40/40 MP: 3/3
  2110 | D:3      | Found an iron altar of Okawaru.
  2116 | D:3      | Became a worshipper of Warmaster Okawaru
  2134 | D:3      | Noticed Natasha
  2137 | D:3      | Killed Natasha
  2157 | D:3      | Reached XP level 5. HP: 45/47 MP: 4/4
  2324 | D:3      | Found a sparkling altar of Nemelex Xobeh.
  2326 | D:3      | Found a shimmering blue altar of Sif Muna.
  2326 | D:3      | Noticed Natasha
  2330 | D:3      | Killed Natasha
  2410 | D:3      | Found a shadowy altar of Dithmenos.
  2750 | D:3      | Noticed Natasha
  2757 | D:3      | Killed Natasha
  2758 | D:3      | Reached skill level 5 in Axes
  2758 | D:3      | Reached skill level 5 in Armour
  3366 | D:4      | Found a large runed translucent door.
  3366 | D:4      | Found a large runed translucent door.
  3373 | D:4      | Reached * piety under Okawaru
  3374 | D:4      | Reached XP level 6. HP: 48/53 MP: 5/5
  3380 | D:4      | Found a large runed translucent door.
  3380 | D:4      | Found a large runed translucent door.
  3384 | D:4      | Identified the ring "Tizibeog" {rElec rPois Slay+4}
  3406 | D:4      | Noticed a water moccasin
  3416 | D:4      | Killed a water moccasin
  3455 | D:4      | Identified the +8 long sword of the Smoking Oracle {vorpal,
                  | Str+7 Int+6}
  3464 | D:4      | Reached skill level 5 in Fighting
  3464 | D:4      | Reached XP level 7. HP: 45/61 MP: 6/6
  3501 | D:4      | Reached ** piety under Okawaru
  3666 | D:4      | Found a runed translucent door.
  3667 | D:4      | Noticed Crazy Yiuf
  3674 | D:4      | Killed Crazy Yiuf
  3675 | D:4      | Reached skill level 1 in Long Blades
  4833 | D:5      | Entered Level 5 of the Dungeon
  4833 | D:5      | Found a staircase to the Ecumenical Temple.
  4839 | D:5      | Reached skill level 2 in Long Blades
  4839 | D:5      | Reached skill level 5 in Shields
  4843 | D:5      | Reached skill level 3 in Long Blades
  5108 | D:5      | Reached XP level 8. HP: 66/69 MP: 7/7
  5532 | D:5      | Found a runed translucent door.
  5584 | D:5      | Reached skill level 4 in Long Blades
  5594 | D:5      | Reached *** piety under Okawaru
  5768 | D:5      | Reached skill level 5 in Long Blades
  5961 | Temple   | Entered the Ecumenical Temple
  6214 | D:6      | Reached skill level 6 in Long Blades
  6433 | D:6      | Noticed Sigmund
  6441 | D:6      | Killed Sigmund
  6525 | D:6      | Reached skill level 7 in Long Blades
  6525 | D:6      | Reached XP level 9. HP: 73/78 MP: 8/8
  6988 | D:7      | Noticed a two-headed ogre
  6994 | D:7      | Killed a two-headed ogre
  6994 | D:7      | Reached **** piety under Okawaru
  6995 | D:7      | Reached skill level 8 in Long Blades
  6999 | D:7      | Reached skill level 9 in Long Blades
  7076 | D:7      | Found a sand-covered staircase.
  7082 | Ossuary  | Entered an ossuary
  7283 | Ossuary  | Reached skill level 10 in Long Blades
  7609 | Ossuary  | Reached XP level 10. HP: 88/88 MP: 9/9
  7893 | D:7      | Reached ***** piety under Okawaru
  7893 | D:7      | Received a gift from Okawaru
  8254 | D:7      | Found Ziseissoses's Distillery.
  8568 | D:8      | Reached skill level 11 in Long Blades
  8811 | D:8      | Reached skill level 10 in Armour
  8828 | D:8      | Found a staircase to the Lair.
  9680 | D:9      | Noticed a deep elf pyromancer
  9683 | D:9      | Noticed a two-headed ogre
  9692 | D:9      | Killed a two-headed ogre
  9699 | D:9      | Killed a deep elf pyromancer
  9700 | D:9      | Reached skill level 12 in Long Blades
  9944 | D:9      | Reached XP level 11. HP: 48/99 MP: 10/10
 10232 | D:9      | Noticed a boulder beetle
 10264 | D:9      | Killed a boulder beetle
 10264 | D:9      | Identified the +3 tower shield of Oremuy {Rampage rPois rC+
                  | Slay+3} (Okawaru gifted it to you on level 9 of the
                  | Dungeon)
 10264 | D:9      | Received a gift from Okawaru
 10462 | D:9      | Reached skill level 10 in Fighting
 10714 | D:9      | Noticed a two-headed ogre
 10721 | D:9      | Killed a two-headed ogre
 11086 | D:9      | Found a runed translucent door.
 11087 | D:9      | Found a shimmering altar of Xom.
 11087 | D:9      | Noticed Gargoyl's ghost (journeyman GrAK)
 11087 | D:9      | Found the brooch of Shielding {Spirit SH+8}
 11088 | D:9      | Noticed a +4 mace of chaos
 11099 | D:9      | Killed a +4 mace of chaos
 11118 | D:9      | Killed Gargoyl's ghost
 11119 | D:9      | Reached skill level 13 in Long Blades
 11808 | Lair:1   | Entered Level 1 of the Lair of Beasts
 11842 | Lair:1   | Found a dark tunnel.
 11851 | Volcano  | Entered a volcano
 12087 | Volcano  | Reached ****** piety under Okawaru
 12095 | Volcano  | Mangled by a salamander

Illustrated notes

Levels and vault maps discovered:
D:1:      dpeg_arrival_court, layout_loops_corners,
          ebering_ecumenical_altar_rust
D:2:      layout_basic, minmay_misc_feat_encased
D:3:      layout_loops_ring, nicolae_dithmenos_the_darkroom,
          mainiacjoe_overflow_big_doors, okawaru_metal_pillars_1_2,
          kennysheep_nondescript, nrook_loot_triangle, serial_park_tiny_1,
          uniq_natasha
D:4:      layout_layer_cave, minmay_hollow_rounded_squares,
          uniq_crazy_yiuf_cottage
D:5:      layout_cave_pools, minmay_temple_entry_gardened_gates,
          lightli_church_of_beogh
D:6:      layout_basic, st_stairs_5, uniq_sigmund
D:7:      layout_cave_pools, lightli_ossuary_entry_decrepit_ruins, serial_shops,
          shop_fountains
D:8:      layout_rooms, due_lair_maze_entry_diamond
D:9:      layout_loops_ring, ebering_ghost_xom, water_maze_lemuel
Temple:   regret_index_temple_mists
Lair:1:   layout_chaotic_city, nicolae_volcano_entry_hallway, disabler_island
Volcano:  volcano_village

Skill      XL: |  1  2  3  4  5  6  7  8  9 10 11 |
---------------+----------------------------------+-----
Fighting       | 4 5 6 8 9 10 | 10.5
Armour         | 4 5 6 7 8 9 11 | 11.8
Shields        | 4 5 6 7 |  7.9
Axes           | 3 4 5 6 |  6.5
Long Blades    | 3 7 10 12 13 | 13.3

Action                   |  1- 3 |  4- 6 |  7- 9 | 10-12 || total
-------------------------+-------+-------+-------+-------++-------
Melee: War axe           |    60 |    90 |       |       ||   150
       Headbutt          |     9 |    16 |    34 |    48 ||   107
       Long sword        |       |     2 |   246 |   207 ||   455
  Use: Scroll            |       |       |     2 |     2 ||     4
       Potion            |       |       |       |     1 ||     1
Armor: Scale mail        |    36 |    54 |    84 |    54 ||   228
Dodge: Dodged            |    36 |    46 |    92 |    49 ||   223
Block: Buckler           |    17 |    23 |    36 |    29 ||   105
       Tower shield      |       |       |       |    80 ||    80

Table legend: (Time is in decaauts)
 A = Elapsed time spent in this place.
 B = Non-inter-level travel time spent in this place.
 C = Inter-level travel time spent in this place.
 D = Time resting spent in this place.
 E = Time spent auto-exploring this place.
 F = Levels seen in this place.
 G = Mean time per level.
                   A        B        C        D        E       F      G
               +--------+--------+--------+--------+--------+-----+--------+
         Total |  12238 |  11822 |    416 |   4290 |   3774 |  13 |  941.4 |
       Dungeon |  11015 |  10599 |    416 |   3765 |   3540 |   9 | 1223.9 |
        Temple |    232 |    232 |      0 |      0 |    186 |   1 |  232.0 |
          Lair |     42 |     42 |      0 |      0 |      0 |   1 |   42.0 |
       Ossuary |    701 |    701 |      0 |    358 |     48 |   1 |  701.0 |
       Volcano |    245 |    245 |      0 |    167 |      0 |   1 |  245.0 |
               +--------+--------+--------+--------+--------+-----+--------+

Top non-repeatable levels by time:
     D:9: 2413 daAuts
     D:4: 1581 daAuts
     D:3: 1344 daAuts
     D:1: 1170 daAuts
     D:5: 1169 daAuts
     D:7: 1057 daAuts
     D:6: 835 daAuts
     D:2: 798 daAuts
 Ossuary: 701 daAuts
     D:8: 646 daAuts
 Volcano: 245 daAuts
  Temple: 232 daAuts
  Lair:1: 42 daAuts
